Map: Cosmic Sapphire

Players

CheeseMe

  • Race: Protoss Protoss
  • League: Master
  • Spawn Location: 5:00

Creator - Winner!

  • Race: Protoss Protoss
  • Spawn Location: 11:00

VOD

Have the link to the VOD?

Description

Time

  • Played on: Dec. 5, 2022, 6:51 p.m.
  • Length: 6:41
Show
View Real Time Build Order
Export as new Build Order

CheeseMe Protoss 

Build Orders: Phoenix Opening 

Get SALT Encoding   

  12  0:00  Probe  
  13  0:12  Probe  
  14  0:17  Pylon  
  14  0:24  Probe (Chrono Boost)  
  16  0:36  Probe (Chrono Boost)  
  16  0:38  Gateway  
  16  0:43  Probe (Chrono Boost)  
  16  0:46  Assimilator  
  17  0:51  Probe  
  17  0:54  Assimilator  
  18  1:03  Probe  
  19  1:08  Gateway  
  19  1:15  Probe (Chrono Boost)  
  20  1:24  Probe (Chrono Boost)  
  21  1:27  Cybernetics Core  
  21  1:29  Probe (Chrono Boost)  
  22  1:38  Pylon  
  22  1:41  Probe  
  23  1:56  Probe  
  24  2:03  Stalker  
  24  2:04  Stalker, Warp Gate (Chrono Boost)  
  28  2:08  Probe  
  29  2:17  Pylon  
  29  2:20  Probe  
  30  2:26  Pylon  
  30  2:36  Sentry  
  32  2:37  Sentry  
  32  2:39  Probe  
  35  2:51  Probe  
  35  2:56  Nexus  
  36  3:03  Shield Battery  
  36  3:08  Stalker  
  36  3:11  Phoenix  
  38  3:19  Pylon  
  38  3:29  Probe  
  38  3:34  Twilight Council  
  39  3:44  Probe  
  39  3:45  Stalker  
  39  3:46  Stalker  
  44  3:56  Probe  
  44  4:00  Phoenix  
  44  4:02  Blink (Chrono Boost)  
  45  4:08  Probe  
  46  4:12  Stalker  
  48  4:18  Probe, Stalker  
  48  4:20  Probe  
  52  4:30  Probe  
  53  4:32  Probe  
  53  4:35  Stalker  
  56  4:46  Stalker  
  58  4:55  Probe x2  
  60  5:00  Pylon  
  60  5:04  Stalker  
  60  5:05  Nexus  
  62  5:07  Pylon  
  62  5:18  Probe x2  
  64  5:26  Adept  
  66  5:29  Adept  
  66  5:32  Probe  
  66  5:33  Probe  
  66  5:34  Stalker x2  
  70  5:36  Assimilator  
  70  5:39  Forge  
  70  5:44  Probe  
  71  5:51  Stalker x2  
  75  5:58  Probe x2  
  77  6:10  Probe  
  78  6:13  Probe  
  75  6:21  Stalker x2  
Show
View Real Time Build Order
Export as new Build Order

Creator Protoss - Winner!

Build Orders: Blink Stalkers 

Get SALT Encoding   

  12  0:00  Probe  
  13  0:12  Probe  
  14  0:17  Pylon  
  14  0:24  Probe (Chrono Boost)  
  15  0:37  Gateway, Probe (Chrono Boost)  
  16  0:44  Probe (Chrono Boost)  
  16  0:46  Assimilator  
  17  0:51  Probe  
  18  0:59  Assimilator  
  18  1:03  Probe (Chrono Boost)  
  19  1:08  Gateway  
  19  1:13  Probe (Chrono Boost)  
  19  1:18  Probe (Chrono Boost)  
  20  1:24  Cybernetics Core  
  21  1:29  Probe  
  22  1:35  Pylon  
  22  1:41  Probe  
  23  1:53  Probe  
  24  2:01  Stalker x2, Warp Gate  
  28  2:12  Pylon  
  28  2:27  Pylon  
  28  2:31  Sentry x2  
  32  2:46  Nexus, Probe  
  33  2:52  Shield Battery  
  33  2:57  Sentry  
  35  2:59  Probe  
  35  3:05  Stalker  
  38  3:11  Pylon  
  38  3:14  Probe  
  39  3:22  Twilight Council  
  39  3:30  Probe (Chrono Boost)  
  41  3:41  Probe (Chrono Boost)  
  41  3:46  Probe (Chrono Boost)  
  42  3:54  Blink (Chrono Boost)  
  42  3:58  Probe (Chrono Boost)  
  42  3:59  Stalker x2  
  42  4:01  Probe (Chrono Boost)  
  48  4:07  Probe (Chrono Boost)  
  50  4:10  Probe (Chrono Boost)  
  50  4:12  Probe (Chrono Boost)  
  51  4:18  Pylon  
  51  4:20  Probe  
  52  4:24  Probe  
  52  4:28  Stalker x2  
  57  4:33  Probe  
  58  4:40  Pylon  
  58  4:44  Nexus  
  58  4:46  Probe  
  58  4:49  Probe  
  60  4:56  Stalker x2  
  64  5:03  Robotics Facility  
  64  5:05  Shield Battery  
  64  5:07  Probe  
  65  5:10  Probe  
  65  5:12  Shield Battery  
  66  5:18  Assimilator  
  66  5:19  Probe  
  67  5:22  Stalker, Probe  
  67  5:24  Stalker  
  72  5:31  Probe  
  72  5:34  Probe, Pylon  
  74  5:39  Gateway  
  74  5:44  Gateway  
  74  5:47  Probe  
  74  5:48  Stalker  
  77  5:52  Observer  
  77  5:53  Stalker  
  77  5:55  Probe  
  77  5:56  Probe  
  82  5:59  Probe  
  83  6:08  Forge, Probe x2  
  83  6:11  Probe  
  83  6:24  Stalker x2  
  83  6:28  Probe  
  83  6:29  Probe  
Tags
 
Composition
Blink Stalkers
League
Master
Matchup
PvP
Player
Creator
Spawn Locations
Cross Positions
Add a new tag
Caveats
  • Supply blocks, unpowered buildings, or Contaminate may cause inaccurate times.
  • Supply counts are checked every 10 seconds.